 Dungeon Crawl Stone Soup version 0.30-a0-1066-g63dfefce0d (webtiles) character file.

Game seed: 14287492540021713017

15 BubbleThief the Cudgeller (level 2, 0/28 HPs)
             Began as a Naga Cinder Acolyte on Apr 12, 2023.
             Was a High Priest of Ignis.
             Slain by a lemure (7 damage)
             ... led by Pikel
             ... on level 4 of the Dungeon.
             The game lasted 00:01:33 (892 turns).

BubbleThief the Cudgeller (Naga Cinder Acolyte)      Turns: 892, Time: 00:01:34

Health: 0/28       AC:  9    Str: 16    XL:     2   Next: 50%
Magic:  3/3        EV:  9    Int: 14    God:    Ignis [*****.]
Gold:   62         SH:  0    Dex:  6    Spells: 3/3 levels left

rFire   + . .      SeeInvis +    a - -1 mace (flame)
rCold   . . .      Faith    .    (no shield)
rNeg    . . .      Spirit   .    b - +1 robe
rPois   +          Reflect  .    (no helmet)
rElec   .          Rampage  .    d - scarf {repulsion}
rCorr   .                        (no gloves)
Will    .....                    (no barding)
Stlth   +                        (no amulet)
HPRegen 0.24/turn                (no ring)
MPRegen 0.08/turn                (no ring)

@: fiery-armoured, repel missiles, very slow
A: AC +0, large, see invisible, deformed body, poison resistance, slowness 2,
spit poison 1, naga tail 1
a: Spit Poison, Renounce Religion, Fiery Armour, Foxfire Swarm, Rising Flame


You were on level 4 of the Dungeon.
You worshipped Ignis.
Ignis was extremely pleased with you.
You visited 1 branch of the dungeon, and saw 3 of its levels.

You collected 62 gold pieces.

Inventory:

Hand Weapons
 a - a -1 mace of flaming (weapon)
Armour
 b - a +1 robe (worn)
 d - a scarf of repulsion (worn)
Scrolls
 h - a scroll of identify
Potions
 e - a potion of magic
 f - a potion of cancellation {unknown}
 i - a potion of flight {unknown}
 j - a potion of heal wounds {unknown}


   Skills:
 + Level 3.2 Fighting
 * Level 3.5 Maces & Flails
 - Level 1.0 Spellcasting
 - Level 3.0 Fire Magic


You had 3 spell levels left.
You didn't know any spells.
Your spell library contained the following spells:

 Spells                   Type           Power      Damage    Failure   Level
 Scorch                   Fire           18%        2d5       12%         2
 Magic Dart               Conj           0%         1d3       26%         1
 Call Imp                 Summ           0%         N/A       36%         2
 Mephitic Cloud           Conj/Pois/Air  0%         N/A       61%         3


Dungeon Overview and Level Annotations

Branches:
Dungeon (2/15)

Altars:

Annotations:
D:4 Pikel


Innate Abilities, Weirdness & Mutations

Your serpentine skin is tough. (AC +0)
You have supernaturally acute eyesight. (SInv)
Armour fits poorly on your strangely shaped body.
Your system is resistant to poisons. (rPois)
You cover ground very slowly.
You can spit poison.
You have a snake-like lower body.


Message History

Pikel hits you but does no damage.
Pikel is burned by your cloak of flames.
Pikel is lightly wounded.
You closely miss Pikel.
Pikel is lightly wounded.
The foxfire hits Pikel.
Pikel is lightly wounded.
The foxfire hits Pikel.
Pikel is lightly wounded.
The foxfire hits Pikel.
Pikel is moderately wounded.
The foxfire hits Pikel.
Pikel is moderately wounded.
The foxfire hits Pikel.
Pikel is moderately wounded.
The foxfire hits Pikel but does no damage.
Pikel is moderately wounded.
The foxfire hits Pikel but does no damage.
Pikel is moderately wounded.
The foxfire hits Pikel.
Pikel is heavily wounded.
Pikel barely misses you.
Pikel hits you with a +0 whip of flaming.
Pikel is burned by your cloak of flames.
Pikel is heavily wounded.
The foxfire hits Pikel but does no damage.
Pikel is heavily wounded.
You closely miss Pikel.
Pikel is heavily wounded.
Pikel hits you with a +0 whip of flaming.
Pikel is burned by your cloak of flames.
Pikel is severely wounded.
The lemure hits you.
* * * LOW HITPOINT WARNING * * *
The lemure is burned by your cloak of flames.
The lemure is lightly wounded.
You barely miss Pikel.
Pikel is severely wounded.
Pikel barely misses you. The lemure hits you!
You die...

#.....###'###+#..
#.....#....#..###### ....
#####.....#....#.......# ....
#.........#...##..##...#
....##+#.........#...##..##...#
.................#...##..##...#
............######...##.......#
..........ยงยงยง....5............#
......).....#...@K............#
............########'##########
######'##.....# #..........
#...#.....# #..........
+...#.....# #..........
######'#.....#+###..........
##..##..#####.......K########
.........#..+........#
....)....+..#......5.#


You could see Pikel and a lemure.

Vanquished Creatures
  A lemure (D:4)
  2 dart slugs
  An endoplasm (D:1)
  A giant cockroach (D:1)
  A hobgoblin (D:1)
  2 kobolds
  A ball python (D:1)
  2 frilled lizards (D:1)
  A rat (D:1)
12 creatures vanquished.

Vanquished Creatures (others)
  9 foxfires (D:4)
9 creatures vanquished.

Grand Total: 21 creatures vanquished

Notes
Turn   | Place    | Note
-------+----------+-------------------------------------------
     0 | D:1      | BubbleThief the Naga Cinder Acolyte began the quest for the
                  | Orb.
     0 | D:1      | Reached XP level 1. HP: 21/21 MP: 2/2
   158 | D:1      | Reached XP level 2. HP: 28/28 MP: 3/3
   718 | D:2      | You fall into a shaft and drop 2 floors!
   857 | D:4      | Noticed a lemure
   857 | D:4      | Noticed a lemure
   858 | D:4      | Noticed Pikel
   882 | D:4      | Killed a lemure
   892 | D:4      | Slain by a lemure

Illustrated notes

Levels and vault maps discovered:
D:1:      ncdulo_smallfort, layout_loops_ring
D:2:      layout_rooms, hellmonk_ecumenical_altar_run_dry,
          minmay_misc_feat_roman, grunt_decor_cap
D:4:      layout_gridville, uniq_menkaure, uniq_edmund, uniq_pikel

Action                     || total
---------------------------++-------
  Melee: Mace              ||    27
 Invoke: Foxfire Swarm     ||     1
         Fiery Armour      ||     1
Ability: Spit Poison       ||    13
    Use: Scroll            ||     4
 Armour: Robe              ||     7
  Dodge: Repelled          ||     1
         Dodged            ||    16

Table legend: (Time is in decaauts)
 A = Elapsed time spent in this place.
 B = Non-inter-level travel time spent in this place.
 C = Inter-level travel time spent in this place.
 D = Time resting spent in this place.
 E = Time spent auto-exploring this place.
 F = Levels seen in this place.
 G = Mean time per level.
                   A        B        C        D        E       F      G
               +--------+--------+--------+--------+--------+-----+--------+
         Total |   1186 |   1149 |     37 |      0 |   1016 |   3 |  395.3 |
       Dungeon |   1186 |   1149 |     37 |      0 |   1016 |   3 |  395.3 |
               +--------+--------+--------+--------+--------+-----+--------+

Top non-repeatable levels by time:
     D:1: 946 daAuts
     D:4: 220 daAuts
     D:2: 20 daAuts
